 Dungeon Crawl Stone Soup version 0.30-a0-591-g3c58d2bc28 (webtiles) character file.

Game seed: 5071054457267693515

72 Shayle the Conjurer (level 4, -1/51 HPs)
             Began as a Demonspawn Reaver on Jan 5, 2023.
             Slain by an orc priest
             ... wielding a +0 war axe
              (8 damage)
             ... on level 3 of the Dungeon.
             The game lasted 00:06:26 (1644 turns).

Shayle the Conjurer (Demonspawn Reaver)             Turns: 1644, Time: 00:06:27

Health: -1/51      AC:  6    Str: 12    XL:     4   Next: 7%
Magic:  7/7        EV: 12    Int: 16    God:
Gold:   81         SH:  0    Dex: 12    Spells: 6/7 levels left

rFire   . . .      SeeInvis .    a - +0 spear
rCold   . . .      Faith    .    (no shield)
rNeg    . . .      Spirit   .    b - +0 leather armour
rPois   .          Reflect  .    (no helmet)
rElec   .          Harm     .    (no cloak)
rCorr   .          Rampage  .    (no gloves)
Will    .....                    k - +0 pair of boots Stlth
                                 (no amulet)
HPRegen 0.28/turn                (no ring)
MPRegen 0.10/turn                (no ring)

@: mighty, berserking, very quick
A: thin metallic scales 1, spiny 2
a: no special abilities


You were on level 3 of the Dungeon.
You visited 1 branch of the dungeon, and saw 3 of its levels.

You collected 81 gold pieces.

Inventory:

Hand Weapons
 a - a +0 spear (weapon)
Armour
 b - a +0 leather armour (worn)
 k - a +0 pair of boots (worn)
 l - a +1 ring mail of willpower
Jewellery
 m - a +5 ring of evasion
Scrolls
 c - 2 scrolls of identify {unknown}
 e - a scroll of fog {unknown}
 f - a scroll of magic mapping {unknown}
 g - a scroll of teleportation {unknown}
 n - a scroll of immolation {unknown}
Potions
 d - a potion of might
 h - a potion of berserk rage
 i - a potion of curing {unknown}
 j - a potion of heal wounds {unknown}


   Skills:
 + Level 2.7 Fighting
 - Level 2.6 Polearms
 + Level 2.4 Dodging
 - Level 2.0 Spellcasting
 - Level 3.0 Conjurations
 + Level 1.8 Necromancy
 + Level 1.5 Earth Magic


You had 6 spell levels left.
You knew the following spells:

 Your Spells              Type           Power      Damage    Failure   Level
a - Kiss of Death         Conj/Necr      36%        2d8       10%         1

Your spell library contained the following spells:

 Spells                   Type           Power      Damage    Failure   Level
 Momentum Strike          Conj/Tloc      12%        3d8       22%         2
 Apportation              Tloc           2%         N/A       26%         1
 Passwall                 Tmut/Erth      3%         N/A       28%         2
 Ensorcelled Hibernation  Hex/Ice        2%         N/A       36%         2
 Hailstorm                Conj/Ice       6%         3d4       38%         3
 Swiftness                Air            1%         N/A       61%         3
 Alistair's Intoxication  Tmut/Pois      0%         N/A       100%        5


Dungeon Overview and Level Annotations

Branches:
Dungeon (3/15)

Altars:


Innate Abilities, Weirdness & Mutations

You are partially covered in thin metallic scales. (AC +2)
You are mostly covered in sharp spines.


Message History

There is a stone staircase leading up here.
The orc priest mumbles some strange prayers to Beogh against you.
Beogh smites you!
You see here a +0 falchion.
You hit the orc priest but do no damage.
The orc priest invokes the aid of Beogh against you.
Beogh smites you!
* * * LOW HITPOINT WARNING * * *
It was a potion of might.
You feel very mighty all of a sudden.
The orc priest hits you with a +0 war axe.
* * * LOW HITPOINT WARNING * * *
It was a potion of berserk rage.
A red film seems to cover your vision as you go berserk!
You feel yourself moving faster!
You feel mighty!
The orc priest hits you with a +0 war axe.
* * * LOW HITPOINT WARNING * * *
You hit the orc priest.
The orc priest is lightly wounded.
You barely miss the orc priest.
The orc priest is lightly wounded.
The orc priest hits you with a +0 war axe.
* * * LOW HITPOINT WARNING * * *
You closely miss the orc priest.
The orc priest is lightly wounded.
A rat comes into view.
The orc priest barely misses you.
You barely miss the orc priest.
The orc priest is lightly wounded.
You completely miss the orc priest.
The orc priest is lightly wounded.
The orc priest invokes the aid of Beogh against you.
You barely resist.
You hit the orc priest but do no damage.
The orc priest is lightly wounded.
You hit the orc priest.
The orc priest is heavily wounded.
The orc priest is struck by your spines.
The orc priest hits you with a +0 war axe!
You die...

...# ## #...
<.. ....... .
#.. .#.....
#.##..##.#.$...
...............
...............
...............
.......<.......
.......@.......
#...#.o.#.###..
............
....r...#.###
##.##...... #.
#...# ## #
#...# #...#


You could see an orc priest and a rat.

Vanquished Creatures
  An adder (D:2)
  A worm (D:2)
  2 dart slugs (D:1)
  2 orcs
  6 endoplasms
  2 giant cockroaches (D:1)
  5 goblins (D:1)
  8 hobgoblins
  2 jackals (D:2)
  5 kobolds
  2 quokkas (D:1)
  3 ball pythons
  4 bats (D:1)
  A frilled lizard (D:2)
  4 rats
48 creatures vanquished.

Notes
Turn   | Place    | Note
-------+----------+-------------------------------------------
     0 | D:1      | Shayle the Demonspawn Reaver began the quest for the Orb.
     0 | D:1      | Reached XP level 1. HP: 16/16 MP: 3/3
   128 | D:1      | Gained mutation: You are partially covered in sharp spines.
                  | [demonic ancestry]
   128 | D:1      | Reached XP level 2. HP: 13/22 MP: 5/5
   399 | D:1      | Reached skill level 1 in Necromancy
   493 | D:1      | Reached skill level 1 in Earth Magic
   565 | D:1      | Gained mutation: You are mostly covered in sharp spines.
                  | [demonic ancestry]
   565 | D:1      | Reached XP level 3. HP: 28/28 MP: 6/6
  1234 | D:2      | Found a faded altar of an unknown god.
  1626 | D:3      | Gained mutation: You are partially covered in thin metallic
                  | scales. (AC +2) [demonic ancestry]
  1626 | D:3      | Reached XP level 4. HP: 34/34 MP: 7/7
  1644 | D:3      | Slain by an orc priest

Illustrated notes

Levels and vault maps discovered:
D:1:      amcnicky_arrival_wind_blow, layout_basic
D:2:      layout_loops_ring, shapermc_ecumenical_altar_mp_highgroup
D:3:      layout_loops_ring, lemuel_crystal_altar, minmay_puff

Skill      XL: |  1  2 |
---------------+-------+-----
Dodging        | 2 |  2.4
Necromancy     | 1 |  1.8
Earth Magic    | 1 |  1.5
Fighting       | |  2.7
Polearms       | |  2.6
Spellcasting   | |  2.0
Conjurations   | |  3.0

Action                   |  1- 3 |  4- 6 || total
-------------------------+-------+-------++-------
Melee: Spear             |   129 |    10 ||   139
       Punch             |     1 |       ||     1
  Use: Potion            |       |     2 ||     2
Armor: Leather armour    |    24 |     1 ||    25
Dodge: Dodged            |    60 |     3 ||    63

Table legend: (Time is in decaauts)
 A = Elapsed time spent in this place.
 B = Non-inter-level travel time spent in this place.
 C = Inter-level travel time spent in this place.
 D = Time resting spent in this place.
 E = Time spent auto-exploring this place.
 F = Levels seen in this place.
 G = Mean time per level.
                   A        B        C        D        E       F      G
               +--------+--------+--------+--------+--------+-----+--------+
         Total |   1637 |   1604 |     33 |     40 |   1164 |   3 |  545.7 |
       Dungeon |   1637 |   1604 |     33 |     40 |   1164 |   3 |  545.7 |
               +--------+--------+--------+--------+--------+-----+--------+

Top non-repeatable levels by time:
     D:1: 949 daAuts
     D:2: 670 daAuts
     D:3: 17 daAuts
